 Dungeon Crawl Stone Soup version 0.30-a0-137-gd8773701ce (webtiles) character file.

Game seed: 7424104149694475438

383 jimonade the Skirmisher (level 6, 0/34 HPs)
             Began as a Deep Elf Hunter on Sept 21, 2022.
             Slain by an orc wizard
             ... wielding a +0 dagger
              (2 damage)
             ... on level 4 of the Dungeon.
             The game lasted 00:04:34 (4246 turns).

jimonade the Skirmisher (Deep Elf Hunter)           Turns: 4246, Time: 00:04:35

Health: 0/34       AC:  4    Str:  8    XL:     6   Next: 47%
Magic:  8/8        EV: 12    Int: 14    God:
Gold:   229        SH:  0    Dex: 20    Spells: 5/5 levels left

rFire   . . .      SeeInvis .    a - +0 shortbow
rCold   . . .      Faith    .    (shield currently unavailable)
rNeg    . . .      Spirit   .    c - +0 leather armour
rPois   .          Reflect  .    (no helmet)
rElec   .          Harm     .    (no cloak)
rCorr   .          Rampage  .    (no gloves)
Will    .....                    g - +0 pair of boots
Stlth   ++........               (no amulet)
HPRegen 0.11/turn                o - ring of flight
MPRegen 0.11/turn                (no ring)

@: flying
A: no striking features
a: no special abilities


You were on level 4 of the Dungeon.
You visited 1 branch of the dungeon, and saw 4 of its levels.

You collected 229 gold pieces.

Inventory:

Hand Weapons
 a - a +0 shortbow (weapon)
 f - a +0 sling
 q - a +0 dagger
Missiles
 h - 6 javelins
 t - 9 poisoned darts
Armour
 c - a +0 leather armour (worn)
 g - a +0 pair of boots (worn)
 k - +0 gold dragon scales
Jewellery
 o - a ring of flight (left hand)
Scrolls
 b - a scroll of immolation
 d - a scroll of fog {unknown}
 j - a scroll of amnesia {unknown}
 n - a scroll of teleportation {unknown}
 p - a scroll of poison {unknown}
Potions
 e - 3 potions of mutation {unknown}
 i - 5 potions of curing {unknown}
 l - a potion of cancellation {unknown}
 m - a potion of might {unknown}
 r - a potion of lignification {unknown}
 s - 2 potions of heal wounds {unknown}


   Skills:
 - Level 1.5 Fighting
 + Level 10.3 Ranged Weapons
 - Level 2.4 Dodging
 - Level 1.2 Stealth


You had 5 spell levels left.
You didn't know any spells.
Your spell library contained the following spells:

 Spells                   Type           Power      Damage    Failure   Level
 Petrify                  Tmut/Erth      0%         N/A       99%         4
 Metabolic Englaciation   Hex/Ice        0%         N/A       100%        5
 Statue Form              Tmut/Erth      0%         N/A       100%        6


Dungeon Overview and Level Annotations

Branches:
Dungeon (4/15)
 Temple: D:4-7

Altars:


Message History

You kill the orc!
You shoot an arrow. The arrow hits the orc wizard!
The orc wizard is almost dead.
The orc wizard casts a spell.
The orc wizard flickers and vanishes!
Deactivating autopickup; reactivate with Ctrl-A.
No target in view!
No target in view!
Unknown command.
Fire: a) +0 shortbow
Press: ? - help, Q - select action, (/) - cycle Shift-Dir - straight line You shoot an arrow.
Something hits you.
Fire: a) +0 shortbow
Press: ? - help, Q - select action, (/) - cycle Shift-Dir - straight line You shoot an arrow.
You hear some strange, mumbled words.
A puff of flame appears from out of thin air!
The puff of flame hits you!
* * * LOW HITPOINT WARNING * * *
Fire: a) +0 shortbow
Press: ? - help, Q - select action, (/) - cycle Shift-Dir - straight line You shoot an arrow.
Something hits you.
* * * LOW HITPOINT WARNING * * *
Fire: a) +0 shortbow
Press: ? - help, Q - select action, (/) - cycle Shift-Dir - straight line You shoot an arrow.
Something hits you.
* * * LOW HITPOINT WARNING * * *
Fire: a) +0 shortbow
Press: ? - help, Q - select action, (/) - cycle Shift-Dir - straight line You shoot an arrow.
Something hits you.
* * * LOW HITPOINT WARNING * * *
Fire: a) +0 shortbow
Press: ? - help, Q - select action, (/) - cycle Shift-Dir - straight line You shoot an arrow.
Something hits you.
You die...

#....#.#
#....
#....#.#
#....
#....#.# #
#....
#....#.#
#.#....
#....#.#
.......
######.#
..... #.#
#..##### #.#
#..{@.####.#
#)###....#.#
#. ####...#
#. ##..# #.
#..# #. #>##
#. #.# #.
#.# #.#


There were no monsters in sight!

Vanquished Creatures
  A phantom (D:4)
  3 hounds (D:4)
  2 orc priests (D:3)
  An orc wizard (D:4)
  5 adders
  2 worms
  2 dart slugs
  3 orcs
  5 ball pythons
  8 endoplasms
  14 giant cockroaches
  6 goblins
  5 hobgoblins
  3 jackals (D:3)
  A quokka (D:1)
  4 bats
  A frilled lizard (D:1)
  5 kobolds
  8 rats
79 creatures vanquished.

Notes
Turn   | Place    | Note
-------+----------+-------------------------------------------
     0 | D:1      | jimonade the Deep Elf Hunter began the quest for the Orb.
     0 | D:1      | Reached XP level 1. HP: 12/12 MP: 3/3
   373 | D:1      | Reached skill level 6 in Ranged Weapons
   373 | D:1      | Reached XP level 2. HP: 16/16 MP: 4/4
  1391 | D:2      | Reached XP level 3. HP: 10/20 MP: 5/5
  1859 | D:2      | Reached skill level 7 in Ranged Weapons
  2148 | D:2      | Reached XP level 4. HP: 23/25 MP: 6/6
  2536 | D:3      | Reached skill level 8 in Ranged Weapons
  2538 | D:3      | Reached XP level 5. HP: 22/29 MP: 7/7
  3604 | D:4      | Noticed a phantom
  3618 | D:4      | Killed a phantom
  3619 | D:4      | Reached skill level 9 in Ranged Weapons
  3625 | D:4      | Reached XP level 6. HP: 12/34 MP: 8/8
  3911 | D:4      | Reached skill level 10 in Ranged Weapons
  4246 | D:4      | Slain by an orc wizard

Illustrated notes

Levels and vault maps discovered:
D:1:      minmay_arrival_shattered_statue, layout_basic
D:2:      minmay_roachtagon, layout_loops_corners
D:3:      layout_basic
D:4:      layout_basic, serial_shops, shop

Skill      XL: |  1  2  3  4  5  6 |
---------------+-------------------+-----
Ranged Weapons | 6 7 8 9 10 | 10.3
Fighting       | |  1.5
Dodging        | |  2.4
Stealth        | |  1.2

Action                   |  1- 3 |  4- 6 || total
-------------------------+-------+-------++-------
 Fire: Shortbow          |    89 |   151 ||   240
Armor: Leather armour    |     8 |    18 ||    26
Dodge: Dodged            |    24 |    48 ||    72

Table legend: (Time is in decaauts)
 A = Elapsed time spent in this place.
 B = Non-inter-level travel time spent in this place.
 C = Inter-level travel time spent in this place.
 D = Time resting spent in this place.
 E = Time spent auto-exploring this place.
 F = Levels seen in this place.
 G = Mean time per level.
                   A        B        C        D        E       F      G
               +--------+--------+--------+--------+--------+-----+--------+
         Total |   4283 |   4017 |    266 |    763 |   2764 |   4 | 1070.8 |
       Dungeon |   4283 |   4017 |    266 |    763 |   2764 |   4 | 1070.8 |
               +--------+--------+--------+--------+--------+-----+--------+

Top non-repeatable levels by time:
     D:2: 1336 daAuts
     D:3: 1111 daAuts
     D:1: 1104 daAuts
     D:4: 731 daAuts
